 Dungeon Crawl Stone Soup version 0.20.0-10-g0535bb4 (console) character file.

66 removed the Chiller (level 4, -8/24 HPs)
             Began as a Tengu Ice Elementalist on June 7, 2017.
             Mangled by Sigmund
             ... wielding a +0 scythe
              (13 damage)
             ... on level 3 of the Dungeon.
             The game lasted 00:03:11 (2342 turns).

removed the Chiller (Tengu Ice Elementalist)        Turns: 2342, Time: 00:03:12

Health: -8/24      AC:  3    Str:  8    XL:     4   Next: 15%
Magic:  8/8        EV: 15    Int: 16    God:
Gold:   65         SH:  0    Dex: 15    Spells: 6/7 levels left

rFire    . . .     SeeInvis .   a - +0 whip (holy)
rCold    . . .     Gourm    .   (no shield)
rNeg     . . .     Faith    .   x - +1 robe
rPois    .         Spirit   .   (helmet restricted)
rElec    .         Reflect  .   (no cloak)
rCorr    .         Harm     .   (no gloves)
MR       .....     Rnd*Tele +   (boots unavailable)
Stlth    ++........             (no amulet)
Regen    0.1/turn               h - ring of teleportation (curse)
MPRegen  0.2/turn               j - +2 ring of evasion

@: no status effects
A: beak, talons 3
a: no special abilities


You were on level 3 of the Dungeon.
You were not hungry.

You visited 1 branch of the dungeon, and saw 3 of its levels.

You collected 65 gold pieces.

Inventory:

Hand Weapons
 a - a +0 whip of holy wrath (weapon)
 k - a +0 spear
Armour
 x - a +1 robe (worn)
Jewellery
 e - an uncursed ring of ice
 h - a cursed ring of teleportation (left hand)
 j - a +2 ring of evasion (right hand)
 p - a +3 ring of intelligence {unknown}
Scrolls
 d - 2 scrolls of teleportation
 l - 2 scrolls of recharging
 n - a scroll of random uselessness
 s - a scroll of enchant armour
 t - a scroll of magic mapping
 v - a scroll of immolation {unknown}
 y - 2 scrolls of remove curse {unknown}
 z - a scroll of amnesia {unknown}
Potions
 f - 2 potions of curing
 i - 2 potions of degeneration
 o - a potion of haste {unknown}
 u - a potion of lignification {unknown}
Books
 b - a book of Frost

   Spells                             Type                      Level
   a - Freeze                         Ice                          1
   b - Throw Frost                    Conjuration/Ice              2
   c - Ozocubu's Armour               Charms/Ice                   3
   d - Throw Icicle                   Conjuration/Ice              4
   e - Summon Ice Beast               Ice/Summoning                4
Comestibles
 c - 2 bread rations
 q - 2 fruits
 r - a royal jelly


   Skills:
 - Level 2.1 Dodging
 - Level 2.0 Stealth
 - Level 2.0 Spellcasting
   Level 1.3 Conjurations
 + Level 4.4 Ice Magic


You had 6 spell levels left.
You knew the following spells:

 Your Spells              Type           Power        Failure   Level  Hunger
a - Freeze                Ice            ###.         3%          1    #......


Dungeon Overview and Level Annotations

Branches:
Dungeon (3/15)

Altars:
Ru

Annotations:
D:3 Sigmund


Innate Abilities, Weirdness & Mutations

You have a beak for a mouth.
You have claws for feet.


Message History

Deactivating autopickup; reactivate with Ctrl-A.
You see here a scroll labeled EXAPAR SUPYMERGH.
z - a scroll labeled EXAPAR SUPYMERGH All of the chunks of flesh in your inventory have rotted away.
Okay, then.
Found a scroll labeled SOCUSOLOANK.
Found a stone staircase leading up.
A puff of flame appears from out of thin air!
The puff of flame hits you!
A magic dart appears from out of thin air!
The magic dart hits you!
* * * LOW HITPOINT WARNING * * *
You see here a scroll labeled SOCUSOLOANK.
y - 2 scrolls labeled SOCUSOLOANK (gained 1)
Something completely misses you.
There is a stone staircase leading up here.
The goblin hits you with a club.
* * * LOW HITPOINT WARNING * * *
Something hits you!
Ouch! That really hurt!
You die...

#..†##... #......
###.....
####.......
#####..........
##.....g.w.#....
##{......####<...
###....#..##
#....
###.@g#.#.w##
###.#
#.........## .#
#.##.....## .# #.
#..#### # #....##
##..## ##. ##


You could see a goblin.

Vanquished Creatures
  An adder (D:2)
  2 oozes (D:1)
  A worm (D:2)
  2 dart slugs (D:1)
  2 leopard geckos
  2 giant cockroaches
  5 goblins
  8 hobgoblins
  5 kobolds
  4 bats
  2 frilled lizards
  4 rats
38 creatures vanquished.

Notes
Turn   | Place    | Note
-------+----------+-------------------------------------------
     0 | D:1      | removed the Tengu Ice Elementalist began the quest for the Orb.
     0 | D:1      | Reached XP level 1. HP: 10/10 MP: 4/4
   122 | D:1      | Reached skill level 3 in Ice Magic
   185 | D:1      | Reached XP level 2. HP: 12/15 MP: 0/6
   642 | D:1      | Reached XP level 3. HP: 13/19 MP: 3/7
  1233 | D:2      | Reached skill level 4 in Ice Magic
  1626 | D:2      | Found a sacrificial altar of Ru.
  1658 | D:2      | Reached XP level 4. HP: 13/24 MP: 4/8
  2324 | D:3      | Noticed Sigmund
  2342 | D:3      | Mangled by Sigmund

Skill      XL: |  1  2  3 |
---------------+----------+-----
Ice Magic      | 3 4 |  4.4
Dodging        | |  2.1
Stealth        | |  2.0
Spellcasting   | |  2.0
Conjurations   | |  1.3

Action                   |  1- 3 |  4- 6 || total
-------------------------+-------+-------++-------
Melee: Unarmed           |     1 |       ||     1
       Peck              |     1 |       ||     1
 Cast: Freeze            |    53 |    10 ||    63
  Use: Scroll            |     7 |       ||     7
  Eat: Chunk             |     3 |     2 ||     5
Armor: Robe              |    11 |     1 ||    12
Dodge: Dodged            |    23 |     9 ||    32
